 Dungeon Crawl Stone Soup version 0.17.1-1-g73c8601 (webtiles) character file.

413 MirrMurr the Covert (level 6, -1/28 HPs)
             Began as a Spriggan Enchanter on Dec 24, 2015.
             Was a Follower of Ashenzari.
             Slain by an orc priest
             ... wielding a +0 mace
              (6 damage)
             ... on level 4 of the Dungeon.
             The game lasted 00:08:37 (4549 turns).

MirrMurr the Covert (Spriggan Enchanter)            Turns: 4549, Time: 00:08:37

Health: -1/28      AC:  4    Str:  4    XL:     6   Next: 59%
Magic:  2/14       EV: 18    Int: 19    God:    Ashenzari [*.....]
Gold:   208        SH:  0    Dex: 16    Spells: 4 memorised, 5 levels left

rFire  . . .     SeeInvis +     a - +2 dagger (freeze) (curse)
rCold  . . .     Clarity  .     n - +2 robe (curse)
rNeg   . . .     SustAt   .     (shield restricted)
rPois  .         Gourm    .     (helmet restricted)
rElec  .         Spirit   .     (no cloak)
rCorr  .         Warding  .     (gloves unavailable)
rMut   .         Stasis   .     (boots unavailable)
MR     +....                    (no amulet)
Stlth  +++++.....               (no ring)
                                (no ring)

@: very slightly contaminated, very quick, somewhat resistant to hostile
enchantments, quite stealthy
A: unfitting armour, see invisible, herbivore 3, speed 3, slow metabolism 2
a: Scrying, Renounce Religion


You were on level 4 of the Dungeon.
You worshipped Ashenzari.
Ashenzari was aware of your devotion.
You were full.

You visited 1 branch of the dungeon, and saw 4 of its levels.

You collected 208 gold pieces.

Inventory:

Hand Weapons
 a - a cursed +2 dagger of freezing (weapon)
 b - a +2 dagger
Missiles
 f - 258 stones (quivered)
 l - 4 needles of confusion
 o - 5 tomahawks
Armour
 n - a cursed +2 robe (worn)
Scrolls
 g - a scroll of curse weapon
 i - 2 scrolls of remove curse
Potions
 h - a potion of brilliance
 j - a potion of resistance
 m - a potion of curing {unknown}
 p - a potion of cure mutation {unknown}
Books
 c - a book of Maledictions

   Spells                             Type                      Level
   a - Corona                         Hexes                        1
   b - Ensorcelled Hibernation        Hexes/Ice                    2
   c - Confuse                        Hexes                        3
   d - Tukima's Dance                 Hexes                        3
   e - Dazzling Spray                 Conjuration/Hexes            3
 q - a book of Alchemy

   Spells                             Type                      Level
   a - Sublimation of Blood           Necromancy                   2
   b - Ignite Poison                  Fire/Transmutation/Poison    3
   c - Alistair's Intoxication        Transmutation/Poison         4
   d - Condensation Shield            Ice                          4
   e - Petrify                        Transmutation/Earth          4
   f - Irradiate                      Conjuration/Transmutation    5
Comestibles
 d - a bread ration
 k - a slice of pizza


   Skills:
 - Level 1.1 Short Blades
 - Level 3.0 Dodging
 * Level 10.2 Stealth
 + Level 4.9 Spellcasting
 - Level 3.6 Hexes


You had 5 spell levels left.
You knew the following spells:

 Your Spells              Type           Power        Failure   Level  Hunger
a - Ensorcelled Hibernat  Hex/Ice        ##....       10%         2    #......
b - Confuse               Hex            ###.....     12%         3    ##.....
c - Corona                Hex            ###....      3%          1    None
d - Dazzling Spray        Conj/Hex       ##......     17%         3    ##.....


Dungeon Overview and Level Annotations

Branches:
Dungeon (4/15)
 Temple: D:4-7

Altars:
Ashenzari
Ru
Yredelemnul
The Shining One


Innate Abilities, Weirdness & Mutations

You are tiny and cannot use many weapons and most armour.
You have supernaturally acute eyesight.
You are a herbivore.
You cover ground extremely quickly.
You need consume almost no food.


Message History

The orc priest is almost dead.
The orc priest closely misses you.
You hit the orc priest but do no damage.
The orc priest is almost dead.
The kobold closely misses you.
You hit the orc priest but do no damage.
The orc priest is almost dead.
The kobold completely misses you.
The orc priest mumbles some strange prayers to Beogh against you.
Something smites you!
* * * LOW HITPOINT WARNING * * *
You hit the orc priest but do no damage.
The orc priest is almost dead.
The orc priest barely misses you. The kobold hits you but does no damage.
You hit the orc priest but do no damage.
The orc priest is almost dead.
The kobold hits you with a club.
* * * LOW HITPOINT WARNING * * *
The orc priest hits you with a mace.
You die...

###...........#######....#.......
#...........+..........#.......
#.######....######.....######..
#.## #....# #...### ##.
###..###########################.
.........))).....................
.................................
≈.≈≈.≈≈≈≈...≈≈.≈≈....≈≈≈.≈≈≈≈≈≈.≈
≈≈≈≈≈≈≈≈≈≈≈≈≈≈≈≈@K...≈≈≈≈≈≈≈≈≈≈≈≈
≈≈≈≈≈≈≈≈≈≈≈≈≈≈≈≈≈o....≈≈≈≈≈≈≈≈≈≈≈
≈≈≈≈≈≈≈≈≈≈≈≈≈≈≈≈.....≈≈≈≈≈≈≈≈≈≈≈≈
##################''#############
#....#†....÷.#...
#....#.).....'...
##....#########...
#......#.......)..
+......'.......)o.


You could see an orc priest and a kobold.

Vanquished Creatures
  An ogre (D:4)
  A big kobold (D:4)
  A scorpion (D:4)
  A worker ant (D:4)
  4 gnolls (D:3)
  6 adders
  3 worms
  3 orcs
  3 bats
  5 giant cockroaches
  5 goblins
  2 hobgoblins (D:1)
  A jackal (D:2)
  A quokka (D:4)
  2 ball pythons (D:1)
  A giant gecko (D:2)
  6 giant newts
  30 kobolds (D:4)
  2 rats (D:1)
78 creatures vanquished.

Notes
Turn   | Place    | Note
--------------------------------------------------------------
     0 | D:1      | MirrMurr the Spriggan Enchanter began the quest for the Orb.
     0 | D:1      | Reached XP level 1. HP: 9/9 MP: 5/5
   236 | D:1      | Reached skill level 5 in Stealth
   258 | D:1      | You fall through a shaft!
   441 | D:1      | Reached XP level 2. HP: 10/13 MP: 6/6
   453 | D:1      | Learned a level 2 spell: Ensorcelled Hibernation
   886 | D:2      | Reached skill level 6 in Stealth
   948 | D:2      | Reached XP level 3. HP: 16/16 MP: 8/8
   980 | D:2      | Learned a level 3 spell: Confuse
  1311 | D:2      | Found a basalt altar of Yredelemnul.
  1320 | D:2      | Found a glowing golden altar of the Shining One.
  1745 | D:2      | Reached skill level 7 in Stealth
  1918 | D:2      | Noticed an angel
  1971 | D:3      | Found a shattered altar of Ashenzari.
  2053 | D:3      | Reached XP level 4. HP: 21/21 MP: 6/9
  2064 | D:3      | Learned a level 3 spell: Dazzling Spray
  2517 | D:3      | Became a worshipper of Ashenzari the Shackled
  2768 | D:3      | Found a sacrificial altar of Ru.
  2780 | D:3      | Reached skill level 8 in Stealth
  3270 | D:4      | Noticed an ogre
  3282 | D:4      | Killed an ogre
  3282 | D:4      | Reached XP level 5. HP: 24/24 MP: 6/12
  3459 | D:4      | Reached skill level 9 in Stealth
  3750 | D:4      | Reached * piety under Ashenzari
  3893 | D:4      | Reached XP level 6. HP: 28/28 MP: 13/13
  4315 | D:4      | Noticed a big kobold
  4525 | D:4      | Killed a big kobold
  4525 | D:4      | Reached skill level 10 in Stealth
  4549 | D:4      | Slain by an orc priest

Action                   |  1- 3 |  4- 6 || total
-------------------------+-------+-------++-------
Melee: Dagger            |   107 |   119 ||   226
 Cast: Ensorcelled Hiber |     4 |    10 ||    14
       Dazzling Spray    |       |     4 ||     4
       Confuse           |       |     4 ||     4
  Use: Scroll            |     1 |    14 ||    15
 Stab: Sleeping          |    10 |    21 ||    31
       Invisible         |       |     1 ||     1
  Eat: Bread ration      |       |     1 ||     1
       Pizza             |       |     1 ||     1
